 Dungeon Crawl Stone Soup version 0.20.0-10-g0535bb4 (webtiles) character file.

63 MTVSty1e the Skirmisher (level 3, 0/31 HPs)
             Began as a Draconian Skald on June 3, 2017.
             Slain by a gnoll
             ... wielding a +0 spear
              (4 damage)
             ... on level 2 of the Dungeon.
             The game lasted 00:00:59 (1188 turns).

MTVSty1e the Skirmisher (Draconian Skald)           Turns: 1188, Time: 00:01:00

Health: 0/31       AC:  5    Str: 19    XL:     3   Next: 89%
Magic:  6/6        EV: 12    Int: 13    God:
Gold:   122        SH:  0    Dex: 10    Spells: 5/6 levels left

rFire    . . .     SeeInvis .   a - +0 hand axe
rCold    . . .     Gourm    .   (no shield)
rNeg     . . .     Faith    .   (armour unavailable)
rPois    .         Spirit   .   (helmet restricted)
rElec    .         Reflect  .   (no cloak)
rCorr    .         Harm     .   (no gloves)
MR       .....                  (no boots)
Stlth    +.........             (no amulet)
Regen    0.1/turn               (no ring)
MPRegen  0.1/turn               (no ring)

@: mighty
A: unfitting armour, cold-blooded, AC +5
a: no special abilities


You were on level 2 of the Dungeon.
You were hungry.

You visited 1 branch of the dungeon, and saw 2 of its levels.

You collected 122 gold pieces.

Inventory:

Hand Weapons
 a - a +0 hand axe (weapon)
Jewellery
 q - a +3 ring of slaying {unknown}
Scrolls
 d - 3 scrolls of identify {unknown}
 g - 2 scrolls of enchant weapon {unknown}
 i - a scroll of random uselessness {unknown}
 j - a scroll of enchant armour {unknown}
 l - a scroll of teleportation {unknown}
 o - a scroll of remove curse {unknown}
Potions
 e - a potion of might
 f - a potion of curing {unknown}
 k - a potion of mutation {unknown}
 n - a potion of lignification {unknown}
 r - a potion of heal wounds {unknown}
Books
 b - a book of Battle

   Spells                             Type                      Level
   a - Infusion                       Charms                       1
   b - Shroud of Golubria             Charms/Translocation         2
   c - Song of Slaying                Charms                       2
   d - Spectral Weapon                Hexes/Charms                 3
   e - Regeneration                   Charms/Necromancy            3
Comestibles
 c - 3 bread rations
 h - 3 meat rations
 m - a royal jelly
 p - 4 fruits


   Skills:
 + Level 3.4 Fighting
 * Level 3.4 Axes
 - Level 2.1 Dodging
 - Level 2.0 Spellcasting
 - Level 2.6 Charms


You had 5 spell levels left.
You knew the following spells:

 Your Spells              Type           Power        Failure   Level  Hunger
a - Infusion              Chrm           #...         9%          1    ##.....


Dungeon Overview and Level Annotations

Branches:
Dungeon (2/15)

Altars:


Innate Abilities, Weirdness & Mutations

Your plain brown scales are hard. (AC +5)
You cannot fit into any form of body armour.
You are cold-blooded and may be slowed by cold attacks.


Message History

The hobgoblin is heavily wounded.
The gnoll misses you. The hobgoblin closely misses you.
You closely miss the hobgoblin.
The hobgoblin is heavily wounded.
The hobgoblin hits you but does no damage.
You completely miss the hobgoblin. You tail-slap the hobgoblin.
You kill the hobgoblin!
You feel sick.
You slash the gnoll! You tail-slap the gnoll.
You kill the gnoll!
You barely miss the giant cockroach.
The giant cockroach completely misses you.
You slash the giant cockroach!
You kill the giant cockroach!
You feel sick.
You are no longer poisoned.
The gnoll hits you from afar with a spear.
* * * LOW HITPOINT WARNING * * *
The gnoll hits you with a spear.
You die... #.(........
PP......

#......... >.#...#
#......... ###..
#........ ##.
#....... ##
♣#♣.....# #
........# #g#
####### #@#
#####......
#.######.....#####
#..#.....#####
##...##### #####


You could see a gnoll.

Vanquished Creatures
  An adder (D:2)
  2 gnolls (D:2)
  An ooze (D:1)
  2 worms (D:2)
  A leopard gecko (D:1)
  2 giant cockroaches
  4 hobgoblins (D:2)
  3 kobolds
  4 bats
  A frilled lizard (D:1)
  A goblin (D:2)
  3 rats
25 creatures vanquished.

Notes
Turn   | Place    | Note
-------+----------+-------------------------------------------
     0 | D:1      | MTVSty1e the Draconian Skald began the quest for the Orb.
     0 | D:1      | Reached XP level 1. HP: 17/17 MP: 3/3
    42 | D:1      | Reached XP level 2. HP: 7/25 MP: 5/5
  1171 | D:2      | Reached XP level 3. HP: 20/31 MP: 6/6
  1188 | D:2      | Slain by a gnoll

Skill      XL: |  1  2 |
---------------+-------+-----
Fighting       | 3 |  3.4
Axes           | 3 |  3.4
Dodging        | |  2.1
Spellcasting   | |  2.0
Charms         | |  2.6

Action                   || total
-------------------------++-------
Melee: Hand axe          ||    85
       Tailslap          ||    14
  Use: Potion            ||     1
Armor: Skin              ||    32
Dodge: Dodged            ||    51
